 Dungeon Crawl Stone Soup version 0.19-a0-450-g98b348d (webtiles) character file.

5 ololoev the Firebug (level 1, 0/10 HPs)
             Began as a Deep Elf Fire Elementalist on June 1, 2016.
             Slain by a gnoll
             ... wielding a +0 spear
              (7 damage)
             ... on level 1 of the Dungeon.
             The game lasted 00:01:13 (81 turns).

ololoev the Firebug (Deep Elf Fire Elementalist)      Turns: 81, Time: 00:01:14

Health: 0/10       AC:  2    Str:  5    XL:     1   Next: 66%
Magic:  2/6        EV: 13    Int: 19    God:
Gold:   0          SH:  0    Dex: 15    Spells: 1 memorised, 5 levels left

rFire  . . .     SeeInvis .     (no weapon)
rCold  . . .     Gourm    .     a - +0 robe
rNeg   . . .     Faith    .     (no shield)
rPois  .         Spirit   .     (no helmet)
rElec  .         Dismiss  .     (no cloak)
rCorr  .         Reflect  .     (no gloves)
SustAt .         Harm     .     (no boots)
MR     .....                    (no amulet)
Stlth  ++........               (no ring)
                                (no ring)

@: not resistant to hostile enchantments, unstealthy
A: no striking features
a: no special abilities

Inventory:

Armour
 a - a +0 robe (worn)
Scrolls
 e - a scroll of teleportation {unknown}
Potions
 d - a potion of might {unknown}
Books
 b - a book of Flames

   Spells                             Type                      Level
   a - Flame Tongue                   Conjuration/Fire             1
   b - Throw Flame                    Conjuration/Fire             2
   c - Conjure Flame                  Conjuration/Fire             3
   d - Inner Flame                    Hexes/Fire                   3
   e - Sticky Flame                   Conjuration/Fire             4
   f - Fireball                       Conjuration/Fire             5
Comestibles
 c - a bread ration


   Skills:
 - Level 2.4 Dodging
 - Level 2.4 Stealth
 + Level 3.0 Spellcasting
 * Level 1.5 Conjurations
 + Level 3.4 Fire Magic


You had 5 spell levels left.
You knew the following spells:

 Your Spells              Type           Power        Failure   Level  Hunger
a - Flame Tongue          Conj/Fire      ##...        8%          1    None


You were on level 1 of the Dungeon.
You were not hungry.

You visited 1 branch of the dungeon, and saw 1 of its levels.

.......# ..##
.......# ...##
.......# #...#
...#...###.#.#
#........#.#.###
#.######.#.#...######
#(#### #............#
.....# #######...##.#
......# ###@#
#####..# #.....?.#
##### .# ##g.....#
.'..# # ......# .#<.#
......# '#### K.....#
..# ......# ..#
......# ..#

Notes
Turn   | Place    | Note
--------------------------------------------------------------
     0 | D:1      | ololoev the Deep Elf Fire Elementalist began the quest for the Orb.
     0 | D:1      | Reached XP level 1. HP: 10/10 MP: 6/6
    81 | D:1      | Slain by a gnoll

Dungeon Overview and Level Annotations

Branches:
Dungeon (1/15)

Altars:


Message History

e - a scroll labeled UTIJYSM UTSO The goblin shouts!
A hobgoblin comes into view. It is wielding a club.
Casting: Flame Tongue
Confirm with . or Enter, or press ? or * to list all spells.
Aiming: Flame Tongue
Press: ? - help, Shift-Dir - straight line, f - bat
Aim: a bat The flame tongue hits the bat.
You kill the bat!
Casting: Flame Tongue
Confirm with . or Enter, or press ? or * to list all spells.
Aiming: Flame Tongue
Press: ? - help, Shift-Dir - straight line, f - goblin
Aim: a goblin, wielding a dagger You miscast Flame Tongue.
You are very lightly contaminated with residual magic.
Nothing appears to happen.
Casting: Flame Tongue
Confirm with . or Enter, or press ? or * to list all spells.
Aiming: Flame Tongue
Press: ? - help, Shift-Dir - straight line, f/p - goblin
Aim: a goblin, wielding a dagger The flame tongue hits the goblin.
The goblin is moderately wounded.
The goblin closely misses you.
Casting: Flame Tongue
Confirm with . or Enter, or press ? or * to list all spells.
Aiming: Flame Tongue
Press: ? - help, Shift-Dir - straight line, f/p - goblin
Aim: a goblin, wielding a dagger (moderately wounded)
You miscast Flame Tongue.
Strange energies run through your body. The goblin hits you with a dagger.
Casting: Flame Tongue
Confirm with . or Enter, or press ? or * to list all spells.
Aiming: Flame Tongue
Press: ? - help, Shift-Dir - straight line, f - hobgoblin, p - goblin
Aim: a hobgoblin, wielding a club The flame tongue hits the goblin.
You kill the goblin!
Casting: Flame Tongue
Confirm with . or Enter, or press ? or * to list all spells.
Aiming: Flame Tongue
Press: ? - help, Shift-Dir - straight line, f/p - hobgoblin
Aim: a hobgoblin, wielding a club The flame tongue hits the hobgoblin.
The hobgoblin is heavily wounded.
You see here 25 sling bullets.
Casting: Flame Tongue
Confirm with . or Enter, or press ? or * to list all spells.
Aiming: Flame Tongue
Press: ? - help, Shift-Dir - straight line, f/p - hobgoblin
Aim: a hobgoblin, wielding a club (heavily wounded)
The flame tongue hits the hobgoblin.
You kill the hobgoblin!
A hobgoblin comes into view. It is wielding a club.
You see here a bat corpse.
The hobgoblin shouts!
You see here 25 sling bullets.
You see here a club.
A bat comes into view.
You see here a club.
The hobgoblin misses you. The hobgoblin closely misses you.
You see here 4 javelins.
Casting: Flame Tongue
Confirm with . or Enter, or press ? or * to list all spells.
Aiming: Flame Tongue
Press: ? - help, Shift-Dir - straight line, f - hobgoblin
Aim: a hobgoblin, wielding a club The flame tongue hits the hobgoblin.
You kill the hobgoblin!
A bat comes into view.
Your magical contamination has completely faded away.
A gnoll comes into view. It is wielding a spear.
A kobold comes into view. It is wielding a short sword.
The gnoll shouts!
The kobold shouts!
The gnoll hits you from afar with a spear!
Ouch! That really hurt!
You die...

You could see a gnoll and a kobold.

Vanquished Creatures
  A bat (D:1)
  A goblin (D:1)
  2 hobgoblins (D:1)
4 creatures vanquished.

Action                   || total
-------------------------++-------
 Cast: Flame Tongue      ||     6
Dodge: Dodged            ||     3

Vault maps used:
D:1:      sevenhm_arrival_forest_fort_small_3
